 Dungeon Sprint DCSS version 0.29-a0-998-g1987434951 (webtiles) character file.

Game seed: 12562565623910662015

455 tbh1313 the Cleaver (level 6, -1/66 HPs)
             Began as a Minotaur Berserker on Aug 5, 2022.
             Was a Believer of Trog.
             Succumbed to Sonja's poison
             ... in the Dungeon (Sprint I: "Red Sonja").
             The game lasted 00:01:33 (475 turns).

tbh1313 the Cleaver (Minotaur Berserker)             Turns: 475, Time: 00:01:34

Health: -1/66      AC:  3    Str: 22    XL:     6   Next: 76%
Magic:  5/5        EV: 13    Int:  6    God:    Trog [**....]
Gold:   297        SH:  0    Dex:  9    Spells: 5/5 levels left

rFire   . . .      SeeInvis .   a - +0 hand axe
rCold   . . .      Faith    .   (no shield)
rNeg    . . .      Spirit   .   j - +0 leather armour
rPois   .          Reflect  .   (helmet restricted)
rElec   .          Harm     .   (no cloak)
rCorr   .          Rampage  .   (no gloves)
Will    .....      NoTele   +   (no boots)
Stlth   +.........              (no amulet)
HPRegen 0.21/turn               (no ring)
MPRegen 0.09/turn               (no ring)

@: lethally poisoned (-1 -> -24), on berserk cooldown, slowed, very slow
A: horns 2, retaliatory headbutt
a: Renounce Religion, Berserk, Trog's Hand


You were in the Dungeon.
You worshipped Trog.
Trog was pleased with you.
You visited 1 branch You collected 297 gold pieces.

Inventory:

Hand Weapons
 a - a +0 hand axe (weapon)
Armour
 j - a +0 leather armour (worn)
Wands
 i - a wand of flame (17)
Scrolls
 h - 2 scrolls of blinking
Potions
 c - a potion of curing
 d - a potion of heal wounds
 e - a potion of haste
 f - 2 potions of magic
 g - a potion of berserk rage


   Skills:
 - Level 10.0 Fighting
 - Level 14.0 Axes
 - Level 2.4 Armour
 + Level 5.4 Dodging


You had 5 spell levels left.
You didn't know any spells.
Your spell library was empty.

Dungeon Overview and Level Annotations

Branches:
Dungeon (1/1)

Altars:
Cheibriados
Dithmenos
Elyvilon
Fedhas
Gozag
Hepliaklqana
Kikubaaqudgha
Nemelex Xobeh
Okawaru
Qazlal
Ru
Sif Muna
Trog
Uskayaw
Vehumet
Wu Jian
Yredelemnul
Zin
The Shining One

Shops:
D (

Annotations:
D Sonja


Innate Abilities, Weirdness & Mutations

You have a pair of horns on your head.
You reflexively headbutt those who attack you in melee.


Message History

You are more poisoned.
Sonja hits you with a +2 dagger of venom.
You are more poisoned.
Sonja hits you with a +2 dagger of venom.
You are lethally poisoned!
Sonja hits you with a +2 dagger of venom.
You are more poisoned.
You hit Sonja. Your headbutt misses Sonja.
Sonja is lightly wounded.
You feel extremely sick.
You miss Sonja.
Sonja is lightly wounded.
You feel extremely sick.
Sonja mumbles some strange words.
Sonja blinks!
You feel extremely sick.
Sonja gestures wildly while chanting.
Sonja blinks!
Sonja gestures wildly while chanting.
Sonja blinks!
There is an ornate altar of the Wu Jian Council here.
You feel a strong urge to attack something.
* * * LOW HITPOINT WARNING * * *
You feel extremely sick.
You see here 6 stones.
You miss Sonja.
Sonja is lightly wounded.
* * * LOW HITPOINT WARNING * * *
You feel very sick.
Sonja mumbles some strange words.
Sonja blinks!
* * * LOW HITPOINT WARNING * * *
You feel extremely sick.
Sonja casts a spell.
Sonja blinks!
You feel a strong urge to attack something.
You are no longer berserk.
You are exhausted.
You feel as though you will be slow longer.
You die...

################
#<.#..)..#..'..#
#..[..#..)..#..+
#..#####'#####@#
#..####..#...#.#
#..#__####..##(#
#..#_____##'#_.+
#⌠⌠#_.∩...'.§._#
####_..__##_.#+#
#_____###'#
####### #.# $.$


There were no monsters in sight!

Levels and vault maps discovered:
D:        dungeon_sprint_1 [red_sonja_temple_1, red_sonja_temple_small_1]

Notes
Turn   | Place    | Note
-------+----------+-------------------------------------------
     0 | D        | tbh1313 the Minotaur Berserker began the quest for the Orb.
     0 | D        | Reached XP level 1. HP: 19/19 MP: 0/0
     1 | D        | Noticed Ijyb
     6 | D        | Killed Ijyb
     7 | D        | Reached skill level 7 in Axes
     7 | D        | Reached XP level 2. HP: 26/26 MP: 1/1
    49 | D        | Noticed an ogre
    53 | D        | Killed an ogre
    54 | D        | Reached skill level 11 in Axes
    54 | D        | Reached XP level 3. HP: 31/31 MP: 2/2
    54 | D        | Reached XP level 4. HP: 39/39 MP: 3/3
    66 | D        | Noticed Sigmund
    76 | D        | Killed Sigmund
    76 | D        | Reached ** piety under Trog
    77 | D        | Reached skill level 14 in Axes
    77 | D        | Reached XP level 5. HP: 23/52 MP: 4/4
    77 | D        | Reached XP level 6. HP: 27/60 MP: 5/5
   247 | D        | Found an ornate altar of the Wu Jian Council.
   247 | D        | Found a shimmering blue altar of Sif Muna.
   249 | D        | Found a radiant altar of Vehumet.
   323 | D        | Found Fithia's Weapon Emporium.
   323 | D        | Found an ancient bone altar of Kikubaaqudgha.
   323 | D        | Found a hazy altar of Hepliaklqana.
   323 | D        | Found a stormy altar of Qazlal.
   323 | D        | Found a hide-covered altar of Uskayaw.
   323 | D        | Found a blossoming altar of Fedhas.
   323 | D        | Found a bloodstained altar of Trog.
   323 | D        | Found an iron altar of Okawaru.
   323 | D        | Found a basalt altar of Yredelemnul.
   323 | D        | Found a glowing golden altar of the Shining One.
   323 | D        | Found a snail-covered altar of Cheibriados.
   323 | D        | Found a sacrificial altar of Ru.
   323 | D        | Found a glowing silver altar of Zin.
   323 | D        | Found a shadowy altar of Dithmenos.
   323 | D        | Found a white marble altar of Elyvilon.
   323 | D        | Noticed a yak
   331 | D        | Killed a yak
   332 | D        | Reached skill level 10 in Fighting
   332 | D        | Reached skill level 5 in Dodging
   332 | D        | Found an opulent altar of Gozag.
   333 | D        | Found a sparkling altar of Nemelex Xobeh.
   466 | D        | Noticed Sonja
   474 | D        | HP: 5/99 [poisoned by Sonja]
   475 | D        | Succumbed to Sonja's poison

Table legend: (Time is in decaauts)
 A = Elapsed time spent in this place.
 B = Non-inter-level travel time spent in this place.
 C = Inter-level travel time spent in this place.
 D = Time resting spent in this place.
 E = Time spent auto-exploring this place.
 F = Levels seen in this place.
 G = Mean time per level.
                   A        B        C        D        E       F      G
               +--------+--------+--------+--------+--------+-----+--------+
         Total |    489 |    489 |      0 |    363 |      1 |   1 |  489.0 |
       Dungeon |    489 |    489 |      0 |    363 |      1 |   1 |  489.0 |
               +--------+--------+--------+--------+--------+-----+--------+

Top non-repeatable levels by time:
       D: 489 daAuts

Table legend:
 A = Kills in this place as a percentage of kills in entire the game.
 B = Kills by you in this place as a percentage of kills by you in the entire game.
 C = Kills by friends in this place as a percentage of kills by friends in the entire game.
 D = Other kills in this place as a percentage of other kills in the entire game.
 E = Experience gained in this place as a percentage of experience gained in the entire game.
 F = Experience gained in this place divided by the number of levels of this place that you have seen.
                   A       B       C       D       E      F
               +-------+-------+-------+-------+-------+----------------------
         Total | 100.0 | 100.0 |   N/A |   N/A | 100.0 | 650.0
       Dungeon | 100.0 | 100.0 |   N/A |   N/A | 100.0 | 650.0
               +-------+-------+-------+-------+-------+----------------------

Action                   |  1- 3 |  4- 6 || total
-------------------------+-------+-------++-------
Melee: Hand axe          |     7 |    21 ||    28
       Headbutt          |       |     6 ||     6
Invok: Berserk           |     2 |     1 ||     3
Armor: Leather armour    |       |     1 ||     1
Dodge: Dodged            |     2 |     3 ||     5

Vanquished Creatures
  Sigmund (D)
  A yak (D)
  An ogre (D)
  A jelly (D)
  Ijyb (D)
5 creatures vanquished.
